 Dungeon Crawl Stone Soup version 0.17-a0-1515-gfae3d72 (webtiles) character file.

176 badblocks the Skirmisher (level 5, 0/44 HPs)
             Began as a Formicid Berserker on July 12, 2015.
             Was a Believer of Trog.
             Succumbed to poison (a potion of poison)
             ... on level 3 of the Dungeon.
             The game lasted 00:03:42 (1692 turns).

badblocks the Skirmisher (Formicid Berserker)       Turns: 1692, Time: 00:03:42

Health: 0/44       AC:  8    Str: 22    XL:     5   Next: 86%
Magic:  5/5        EV:  8    Int:  7    God:    Trog [**....]
Gold:   111        SH:  0    Dex: 10    Spells: 0 memorised, 4 levels left

rFire  . . .     SeeInvis +     e - +0 whip (distort)
rCold  . . .     Clarity  .     o - +0 chain mail
rNeg   . . .     SustAt   .     (no shield)
rPois  .         Gourm    .     (helmet unavailable)
rElec  .         Spirit   .     (no cloak)
rCorr  .         Warding  .     (no gloves)
rMut   .         Stasis   +     (no boots)
MR     .....                    (no amulet)
Stlth  ..........               (no ring)
                                (no ring)

@: lethally poisoned (0 -> -10), not resistant to hostile enchantments,
extremely unstealthy
A: permanent stasis, dig shafts and tunnels, four strong arms, antennae 3
a: Dig, Shaft Self, Burn Spellbooks, Trog's Hand, Renounce Religion


You were on level 3 of the Dungeon.
You worshipped Trog.
Trog was pleased with you.
You were hungry.

You visited 1 branch of the dungeon, and saw 3 of its levels.

You collected 111 gold pieces.

Inventory:

Hand weapons
 a - a +0 hand axe
 e - a +0 whip of distortion (weapon)
Armour
 o - a +0 chain mail (worn)
Scrolls
 k - a scroll of magic mapping {unknown}
 l - a scroll of enchant weapon {unknown}
 n - 2 scrolls of immolation {unknown}
 p - a scroll of recharging {unknown}
 q - a scroll of enchant armour {unknown}
Potions
 b - 2 potions of lignification
 i - 2 potions of curing
 m - 4 potions of might
 t - a potion of mutation {unknown}
Comestibles
 c - 2 bread rations
 f - a slice of pizza
 g - a royal jelly
 s - a chunk of flesh


   Skills:
 + Level 5.0 Fighting
 * Level 4.7 Axes
 + Level 2.5 Armour
 - Level 1.7 Dodging


You had 4 spell levels left.
You didn't know any spells.

Dungeon Overview and Level Annotations

Branches:
Dungeon (3/15)

Altars:
Makhleb


Innate Abilities, Weirdness & Mutations

You are under a permanent stasis effect.
You can dig through walls and to a lower floor.
Your four strong arms can wield two-handed weapons with a shield.
You have a pair of large antennae on your head (SInv).


Message History

The orc priest miscasts a cantrip.
An orc priest comes into view.
An orc wizard comes into view. It is wielding a dagger.
The orc priest shouts!
The orc wizard shouts!
The orc priest hits you with a whip. The orc hits you but does no damage.
A ball python comes into view.
You barely miss the orc priest.
The orc priest calls down the wrath of Beogh upon you.
Pain shoots through your body! The orc hits you.
The orc priest invokes the aid of Beogh against you.
Something smites you!
* * * LOW HITPOINT WARNING * * *
You are too injured to fight recklessly!
You are too injured to fight recklessly!
You are too injured to fight recklessly!
Drink which item? (? for menu, Esc to quit)
It was a potion of poison.
That liquid tasted very nasty...
You are lethally poisoned!
You die...

#.####.##.... #.
#.#..... ##
#.####....... . #.
#............
..###.######....).##....
..o...................#.
. .S.(o ...#......#..###
....#.o#####.#..#.#.####
#...o@..##.#....#....#
####.##............#
#.##...†.....####
#$.†..).....)).#
#..##..h)....#..# #...
#........##.... ....
#.........#...# ###..
#.$............ #.
#..............


You could see 2 orc priests, an orc wizard, an orc, a jackal and a ball python.

Vanquished Creatures
  An orc priest (D:3)
  Jessica (D:3)
  A hound (D:2)
  Terence (D:2)
  An adder (D:2)
  A worm (D:2)
  A giant gecko (D:2)
  2 orcs (D:3)
  2 giant cockroaches
  5 hobgoblins
  3 jackals (D:3)
  8 kobolds
  8 bats
  5 giant newts
  8 goblins
  8 rats
56 creatures vanquished.

Vanquished Creatures (others)
  A giant gecko (D:2)
1 creature vanquished.

Grand Total: 57 creatures vanquished

Notes
Turn   | Place    | Note
--------------------------------------------------------------
     0 | D:1      | badblocks the Formicid Berserker began the quest for the Orb.
     0 | D:1      | Reached XP level 1. HP: 18/18 MP: 1/1
    94 | D:1      | Reached XP level 2. HP: 9/24 MP: 2/2
   627 | D:1      | Reached XP level 3. HP: 24/30 MP: 3/3
   801 | D:1      | Acquired Trog's second power
   967 | D:2      | Noticed Terence
   970 | D:2      | Killed Terence
   970 | D:2      | Reached skill level 4 in Fighting
   970 | D:2      | Reached XP level 4. HP: 33/38 MP: 4/4
  1156 | D:2      | Found a burning altar of Makhleb.
  1314 | D:2      | Found a faded altar to an unknown god.
  1533 | D:2      | Reached XP level 5. HP: 43/43 MP: 5/5
  1625 | D:3      | Noticed Jessica
  1631 | D:3      | Killed Jessica
  1645 | D:3      | Reached skill level 5 in Fighting
  1691 | D:3      | HP: 1/44 [orc priest/divine providence (14)]
  1692 | D:3      | Succumbed to poison (a potion of poison)

Vault maps used:
D:1:      roderic_octagonal_star
D:2:      ecumenical_altar_1, minivault_25, minivault_11,
          makhleb_heckhound_becter, uniq_terence
D:3:      grunt_temple_overflow_open, first_bread, tgw_sif, uniq_sigmund,
          uniq_jessica

Action                   |  1- 3 |  4- 6 || total
-------------------------+-------+-------++-------
Melee: Hand axe          |    32 |       ||    32
       Whip              |    42 |    79 ||   121
  Use: Scroll            |       |     5 ||     5
       Potion            |       |     1 ||     1
 Stab: Sleeping          |     1 |       ||     1
  Eat: Chunk             |       |     2 ||     2
